 Dungeon Crawl Stone Soup version 0.19-a0-1895-g783e625 (webtiles) character file.

3524 Kidiri the Thaumaturge (level 9, -6/55 HPs)
             Began as a High Elf Fire Elementalist on Oct 18, 2016.
             Was a Follower of Vehumet.
             Mangled by Gastronok (36 damage)
             ... on level 9 of the Dungeon.
             The game lasted 00:39:45 (11294 turns).

Kidiri the Thaumaturge (HEFE)                      Turns: 11294, Time: 00:39:46

Health: -6/55      AC:  8    Str:  7    XL:     9   Next: 81%
Magic:  12/22      EV: 14    Int: 24    God:    Vehumet [*.....]
Gold:   53         SH:  2    Dex: 17    Spells: 9 memorised, 0 levels left

rFire  . . .     SeeInvis +     g - +5 dagger
rCold  . . .     Gourm    .     I - +2 leather armour "Yjeanyle" {Int+2}
rNeg   . . .     Faith    .     (no shield)
rPois  .         Spirit   .     (no helmet)
rElec  .         Reflect  +     h - +2 cloak
rCorr  .         Harm     .     (no gloves)
MR     .....                    (no boots)
Stlth  ++........               C - +2 amulet of reflection
                                f - ring of wizardry
                                b - ring of see invisible

@: about to teleport, slowed, repel missiles, very slow
A: no striking features
a: Renounce Religion


You were on level 9 of the Dungeon.
You worshipped Vehumet.
Vehumet was aware of your devotion.
You were not hungry.

You visited 2 branches of the dungeon, and saw 10 of its levels.

You collected 369 gold pieces.
You spent 316 gold pieces at shops.

Inventory:

Hand Weapons
 g - a +5 dagger (weapon)
Armour
 a - a +0 robe
 h - a +2 cloak (worn)
 j - a cursed +0 shield
 w - the +0 large shield of Hegur {rPois Dex+4}
   (You found it on level 5 of the Dungeon)

   It affects your dexterity (+4).
   It protects you from poison.
 E - a +1 leather armour of fire resistance
 I - the +2 leather armour "Yjeanyle" (worn) {Int+2}
   (You found it on level 8 of the Dungeon)

   It affects your intelligence (+2).
Jewellery
 b - a ring of see invisible (left hand)
 f - a ring of wizardry (right hand)
 n - an uncursed ring of ice
 u - an uncursed ring of positive energy
 A - an uncursed amulet of regeneration
 C - a +2 amulet of reflection (around neck)
 F - a +3 ring of dexterity
 J - an uncursed ring of poison resistance
Wands
 d - a wand of teleportation (0/9)
 l - a wand of hasting (5/9)
 z - a wand of flame (24/48)
Potions
 e - 2 potions of invisibility
 i - 4 potions of curing
 k - a potion of heal wounds
 m - a potion of agility
 r - 2 potions of haste
 s - a potion of brilliance
 t - 2 potions of lignification
 v - 2 potions of resistance
 B - a potion of ambrosia
 D - a potion of flight {unknown}
 G - a potion of mutation {unknown}
Books
 q - a book of Frost

   Spells                             Type                      Level
   a - Freeze                         Ice                          1
   b - Throw Frost                    Conjuration/Ice              2
   c - Ozocubu's Armour               Charms/Ice                   3
   d - Throw Icicle                   Conjuration/Ice              4
   e - Summon Ice Beast               Ice/Summoning                4
 y - a book of Misfortune

   Spells                             Type                      Level
   a - Confusing Touch                Hexes                        1
   b - Confuse                        Hexes                        3
   c - Gell's Gravitas                Hexes/Translocation          3
   d - Petrify                        Transmutation/Earth          4
   e - Metabolic Englaciation         Hexes/Ice                    5
   f - Yara's Violent Unravelling     Hexes/Transmutation          5
Comestibles
 c - 6 bread rations
 p - 5 meat rations
 x - 10 fruits
 H - 9 royal jellies


   Skills:
 + Level 2.8 Fighting
 + Level 3.3 Short Blades
 + Level 2.5 Armour
 + Level 4.4 Dodging
 - Level 2.1 Stealth
 + Level 2.6 Shields
 * Level 8.6 Spellcasting
 + Level 5.8 Conjurations
 + Level 6.3 Fire Magic
 + Level 2.4 Ice Magic
 + Level 3.8 Air Magic
 + Level 0.1 Poison Magic
 + Level 2.9 Evocations


You couldn't memorise any spells.
You knew the following spells:

 Your Spells              Type           Power        Failure   Level  Hunger
a - Flame Tongue          Conj/Fire      #####        1%          1    None
b - Throw Flame           Conj/Fire      #####.       1%          2    None
c - Conjure Flame         Conj/Fire      #####...     1%          3    None
d - Inner Flame           Hex/Fire       ####....     4%          3    None
e - Sticky Flame          Conj/Fire      #####...     4%          4    ##.....
f - Fireball              Conj/Fire      #####.....   9%          5    ####...
g - Repel Missiles        Chrm/Air       ###...       3%          2    None
h - Mephitic Cloud        Conj/Pois/Air  ####....     4%          3    None
i - Throw Frost           Conj/Ice       ####..       1%          2    None


Dungeon Overview and Level Annotations

Branches:
Dungeon (9/15)             Temple (1/1) D:4
   Lair: D:8-11         Orc: D:9-12

Altars:
Ashenzari
Cheibriados
Dithmenos
Elyvilon
Fedhas
Gozag
Hepliaklqana
Kikubaaqudgha
Makhleb
Nemelex Xobeh
Okawaru
Qazlal
Ru
Sif Muna
Trog
Uskayaw
Vehumet
Xom
Yredelemnul
Zin
The Shining One

Shops:
D:6 }==   D:7 *   D:9 [

Annotations:
D:9 Gastronok


Message History

Press: ? - help, Shift-Dir - straight line, f/p - Gastronok
Aim: Gastronok, wearing an embroidered hat (moderately wounded, covering ground quickly)
The sticky flame hits Gastronok.
Gastronok is moderately wounded.
Gastronok is covered in liquid flames!
Gastronok burns! x2
Gastronok bites you!!
Ouch! That really hurt!
* * * LOW HITPOINT WARNING * * *
Unknown command.
Okay, then.
Unknown command.
You feel much better.
Gastronok burns!
Gastronok bites you.
Evoke which item? (* to show all) (? for menu, Esc to quit)
Zapping:
d - a wand of teleportation {zapped: 3} (will waste charges)
Press: ? - help, Shift-Dir - straight line, f - you, p - Gastronok You feel strangely unstable.
Evoking this partially-identified wand wasted a few charges.
Gastronok burns! x2; Gastronok bites you!!!
Ouch! That really hurt!
You die...

#..
#....................#
#..
###.................##
.... #.........##.######
# ..##..#.#.##.# .
#.#####..#...##.#
#.#.#####..##.....#
........##.#####..#
.>......##...###..##...
........@...............
.......w###<..##...#....
.......(# ##...#.#......
........# ##......#....
#####.... ............
#.##.. .......#.... #.
.........####### #.
..w....... ##
....∩......


You could see Gastronok (burning).

Vanquished Creatures
  The ghost of Raws the Carver, a novice HEGl of Okawaru (D:7)
  2 hornets (D:8)
  The ghost of Yakui the Poker, an amateur MfGl of Uskayaw (D:5)
  2 hippogriffs
  Sigmund (D:2)
  A soldier ant (D:8)
  An ice beast (D:5)
  A phantom (D:8)
  3 ogres
  2 big kobolds
  2 bullfrogs
  3 scorpions
  2 howler monkeys
  A crimson imp (D:6)
  A centaur zombie (D:7)
  2 quasits (D:6)
  A bullfrog skeleton (D:6)
  A hound (D:9)
  A jelly (D:7)
  4 orc priests
  4 orc wizards
  Terence (D:2)
  An iguana (D:8)
  6 worker ants
  A hound zombie (D:5)
  3 gnolls (D:7)
  A howler monkey skeleton (D:7)
  17 adders
  A shadow imp (D:7)
  An ooze (D:1)
  2 adder skeletons
  3 worms
  3 dart slugs
  5 leopard geckos
  18 orcs
  5 ball pythons
  14 bats
  5 giant cockroaches
  12 goblins
  8 hobgoblins
  9 jackals
  10 kobolds
  8 quokkas
  4 frilled lizards
  A jackal zombie (D:8)
  A leopard gecko zombie (D:4)
  4 rats
181 creatures vanquished.

Notes
Turn   | Place    | Note
-------+----------+-------------------------------------------
     0 | D:1      | Kidiri the High Elf Fire Elementalist began the quest for the Orb.
     0 | D:1      | Reached XP level 1. HP: 11/11 MP: 4/4
   102 | D:1      | Reached XP level 2. HP: 13/17 MP: 0/6
   115 | D:1      | Learned a level 2 spell: Throw Flame
   353 | D:1      | Reached skill level 3 in Spellcasting
   858 | D:1      | Reached XP level 3. HP: 21/21 MP: 5/8
   863 | D:1      | Learned a level 3 spell: Conjure Flame
  1656 | D:2      | Reached XP level 4. HP: 27/27 MP: 0/10
  1661 | D:2      | Learned a level 3 spell: Inner Flame
  2027 | D:2      | Found a snail-covered altar of Cheibriados.
  2304 | D:2      | Reached skill level 4 in Spellcasting
  2396 | D:2      | Noticed Terence
  2413 | D:2      | Killed Terence
  2413 | D:2      | Reached XP level 5. HP: 31/31 MP: 0/12
  2796 | D:2      | Noticed Sigmund
  2823 | D:2      | Killed Sigmund
  2823 | D:2      | Reached skill level 5 in Spellcasting
  2823 | D:2      | Reached XP level 6. HP: 24/36 MP: 0/14
  2988 | D:2      | Learned a level 4 spell: Sticky Flame
  3939 | D:3      | Found a faded altar of an unknown god.
  4545 | D:4      | Reached skill level 6 in Spellcasting
  4545 | D:4      | Reached skill level 5 in Fire Magic
  4545 | D:4      | Reached XP level 7. HP: 33/41 MP: 5/17
  4552 | D:4      | Learned a level 5 spell: Fireball
  4883 | D:4      | Found a staircase to the Ecumenical Temple.
  4891 | Temple   | Entered the Ecumenical Temple
  5012 | Temple   | Became a worshipper of Vehumet
  5543 | D:4      | Reached skill level 7 in Spellcasting
  5781 | D:4      | Learned a level 2 spell: Repel Missiles
  6217 | D:5      | Entered Level 5 of the Dungeon
  6397 | D:5      | Reached * piety under Vehumet
  6397 | D:5      | Offered knowledge of Freeze by Vehumet.
  6397 | D:5      | Reached skill level 1 in Air Magic
  6425 | D:5      | Reached skill level 1 in Short Blades
  6425 | D:5      | Reached XP level 8. HP: 47/47 MP: 7/19
  6428 | D:5      | Learned a level 1 spell: Freeze
  6431 | D:5      | Noticed Yakui's ghost (amateur MfGl)
  6748 | D:5      | Killed Yakui's ghost
  6748 | D:5      | Reached skill level 1 in Fighting
  6748 | D:5      | Reached skill level 1 in Armour
  6748 | D:5      | Reached skill level 5 in Conjurations
  7024 | D:5      | Got a translucent large shield
  7030 | D:5      | Identified the cursed +0 large shield of Hegur {rPois Dex+4} (You found it on level 5 of the Dungeon)
  7113 | D:5      | Reached skill level 1 in Shields
  7602 | D:6      | Reached skill level 1 in Evocations
  7709 | D:6      | Reached skill level 1 in Ice Magic
  7834 | D:6      | Found Xeneuhou's Gadget Shoppe.
  7843 | D:6      | Found Padghumm's Jewellery Shop.
  8160 | D:6      | Bought a +2 amulet of reflection for 250 gold pieces
  8203 | D:6      | Found Harphiff's Jewellery Shop.
  8496 | D:7      | Noticed Raws's ghost (novice HEGl)
  8793 | D:7      | Found Vumpuk's Magic Scroll Boutique.
  9081 | D:7      | Found Oxzaterr's Assorted Antiques.
  9084 | D:7      | Bought a scroll of remove curse for 66 gold pieces
  9325 | D:7      | Killed Raws's ghost
  9325 | D:7      | Reached skill level 8 in Spellcasting
  9325 | D:7      | Reached XP level 9. HP: 27/54 MP: 8/22
  9344 | D:7      | Learned a level 2 spell: Throw Frost
  9952 | D:8      | Paralysed by a hornet for 1 turns
 10278 | D:8      | Found a glowing golden altar of the Shining One.
 10279 | D:8      | Found an opulent altar of Gozag.
 10282 | D:8      | Got a translucent leather armour
 10293 | D:8      | Identified the +2 leather armour "Yjeanyle" {Int+2} (You found it on level 8 of the Dungeon)
 10293 | D:8      | Found a shadowy altar of Dithmenos.
 10299 | D:8      | Found a shattered altar of Ashenzari.
 10299 | D:8      | Found a sparkling altar of Nemelex Xobeh.
 10300 | D:8      | Found a white marble altar of Elyvilon.
 10920 | D:6      | Learned a level 3 spell: Mephitic Cloud
 11266 | D:9      | Found Uwiwn's Armour Shop.
 11275 | D:9      | Noticed Gastronok
 11294 | D:9      | Mangled by Gastronok

Vault maps used:
D:1:      dpeg_arrival_tiny_j, serial_park_tiny_2
D:2:      marbit_many_paths, first_bread, serial_glass, glass_columns_a,
          glass_columns_b, glass_columns_c, glass_columns_a, glass_columns_c,
          glass_columns_a, glass_columns_a, glass_columns_c, glass_columns_a,
          glass_columns_a, minmay_randomly_rotated_circles, uniq_terence,
          uniq_sigmund
D:3:      ecumenical_altar_2
D:6:      serial_shops, nicolae_shop_waterfront, shop, shop, st_stairs_9
D:7:      serial_shops, kennysheep_mini_moat, shop
D:8:      grunt_temple_overflow_open, hangedman_pestilent_swarm
D:9:      serial_shops, shop, kennysheep_boxes, uniq_gastronok
Temple:   jpeg_temple_clearing

Skill      XL: |  1  2  3  4  5  6  7  8  9 |
---------------+----------------------------+-----
Spellcasting   | 3 4 5 6 7 8 |  8.6
Conjurations   | 2 3 4 5 |  5.8
Fire Magic     | 4 5 6 |  6.3
Air Magic      | 1 2 3 |  3.8
Short Blades   | 1 2 3 |  3.3
Fighting       | 2 |  2.8
Armour         | 1 2 |  2.5
Shields        | 2 |  2.6
Evocations     | 2 |  2.9
Dodging        | 3 4 |  4.4
Ice Magic      | 1 2 |  2.4
Stealth        | |  2.1
Poison Magic   | |  0.1

Action                   |  1- 3 |  4- 6 |  7- 9 || total
-------------------------+-------+-------+-------++-------
Melee: Dagger            |    24 |    15 |    50 ||    89
 Cast: Flame Tongue      |    45 |    76 |   203 ||   324
       Throw Flame       |    16 |    24 |    48 ||    88
       Conjure Flame     |       |     3 |     7 ||    10
       Inner Flame       |       |     2 |     3 ||     5
       Sticky Flame      |       |       |    14 ||    14
       Freeze            |       |       |     4 ||     4
       Repel Missiles    |       |       |     1 ||     1
       Fireball          |       |       |     1 ||     1
Evoke: Wand              |       |       |     2 ||     2
  Use: Potion            |     1 |     1 |     2 ||     4
       Scroll            |       |    11 |    13 ||    24
 Stab: Sleeping          |     1 |     2 |     2 ||     5
  Eat: Chunk             |     3 |     6 |    10 ||    19
       Fruit             |       |     4 |       ||     4
       Pizza             |       |       |     2 ||     2
       Meat ration       |       |       |     1 ||     1
       Beef jerky        |       |       |     4 ||     4
Armor: Robe              |     8 |     4 |    25 ||    37
       Leather armour    |       |       |    12 ||    12
Dodge: Dodged            |    34 |    29 |    80 ||   143
Block: Large shield      |       |       |    59 ||    59
       Other             |       |       |     1 ||     1
